[Event "Team 45 45 League T70"]
[Site "Internet Chess Club"]
[Date "2016.09.18"]
[Round "2"]
[White "zorori"]
[Black "clarinetref"]
[Result "0-1"]
[WhiteElo "1629"]
[BlackElo "1608"]
[Opening "Robatsch (modern) defense"]
[ECO "B06"]
[Time "22:19:33"]
[TimeControl "2700+45"]

1. e4 g6 2. d4 d6 3. Nf3 Bg7 4. Bc4 Nf6 5. Nc3 O-O 6. h3 Nxe4 7. Nxe4 d5 8. Bd3
dxe4 9. Bxe4 c6 10. Be3 Nd7 11. O-O Nf6 12. Bd3 Qc7 13. Qd2 Nd5 14. Bh6 Rd8 15.
Bxg7 Kxg7 16. Rfe1 e6 17. Ne5 f6 18. Ng4 Qf4 19. Qd1 Nb4 20. Re4 Qd6 21. Re2
Nxd3 22. Qxd3 Qxd4 23. Qg3 e5 24. c3 Qc4 25. Qf3 Bxg4 26. hxg4 Rd3 27. Qe4 Qxe4
28. Rxe4 Rad8 29. Kf1 Rd1+ 30. Rxd1 Rxd1+ 31. Ke2 Rb1 32. Rb4 b6 33. c4 c5 34.
Rb5 Rc1 35. b3 Rc2+ 36. Kf3 Rxa2 37. b4 Ra3+ 38. Ke2 cxb4 39. Rxb4 Ra2+ 40. Kf3
Rc2 41. Ke3 Kf7 42. g3 Ke6 43. f4 Rc3+ 44. Kf2 e4 45. Ke2 Rxg3 46. c5 bxc5 47.
Rxe4+ Kd5 48. Ra4 Rxg4 49. Rxa7 h5 50. Kf3 Rg1 51. Rg7 h4 52. Rh7 Rg3+ 53. Kf2
g5 54. fxg5 fxg5 55. Rd7+ Ke4 56. Re7+ Kf4 57. Rf7+ Kg4 58. Rc7 Rc3 59. Rh7 c4
60. Rc7 Rc2+ 61. Ke3 h3 62. Rh7 Kg3 63. Rg7 g4 64. Rh7 h2 65. Kd4 Rc1 66. Kc5
h1=Q 67. Rh2 Qg1+ 68. Kd5 Qd1+ 69. Ke5 Kxh2 70. Ke4 Qd3+ 71. Ke5 Re1+ 72. Kf6
Qd6+ 73. Kf7 Qe6+ 74. Kg7 Rf1 75. Kh7 Rf7+ 76. Kg8 Qe8# {White checkmated} 0-1

[Event "Team 45 45 League T70"]
[Site "Internet Chess Club"]
[Date "2016.09.17"]
[Round "2"]
[White "kutch"]
[Black "kausika"]
[Result "1-0"]
[WhiteElo "1516"]
[BlackElo "1367"]
[Opening "Grünfeld: modern exchange variation"]
[ECO "D85"]
[Time "08:00:19"]
[TimeControl "2700+45"]

1. d4 Nf6 2. c4 g6 3. Nc3 d5 4. cxd5 Nxd5 5. e4 Nxc3 6. bxc3 Bg7 7. Nf3 O-O 8.
Be2 c5 9. Be3 Nc6 10. h3 cxd4 11. Nxd4 Qc7 12. O-O Rd8 13. Qa4 Ne5 14. Rac1 a6
15. f4 Bd7 16. Qb3 Nc6 17. Nxc6 Qxc6 18. e5 Be6 19. Qb2 Bd5 20. Bf3 Bxf3 21.
Rxf3 e6 22. Bd4 b5 23. Qe2 Bf8 24. Rd3 Bc5 25. Bxc5 Qxc5+ 26. Kf1 Rxd3 27. Qxd3
Rc8 28. Rc2 Qc4 29. Qxc4 Rxc4 30. g3 h5 31. Ke2 Kf8 32. Kd3 h4 33. g4 Rxf4 34.
c4 Rf3+ 35. Kd4 bxc4 36. Rc3 Rxc3 37. Kxc3 Ke7 38. Kxc4 Kd7 39. Kc5 Kc7 40. g5
a5 41. a4 Kd7 42. Kb6 Kc8 43. Kxa5 Kb7 44. Kb5 Ka7 45. Kc6 Ka6 46. Kd7 Ka5 47.
Ke7 Kxa4 48. Kxf7 Kb5 49. Kxe6 Kc6 50. Kf7 {Black resigns} 1-0

[Event "Team 45 45 League T70"]
[Site "Internet Chess Club"]
[Date "2016.09.16"]
[Round "2"]
[White "MartyJR"]
[Black "Aquaman"]
[Result "1-0"]
[WhiteElo "1458"]
[BlackElo "1341"]
[Opening "Modern defense"]
[ECO "A40"]
[Time "20:30:51"]
[TimeControl "2700+45"]

1. d4 g6 2. Bf4 Bg7 3. e3 d6 4. h3 Nf6 5. c3 O-O 6. Nf3 c5 7. Be2 Nbd7 8. O-O b6
9. Nbd2 Re8 10. a4 a6 11. Re1 Bb7 12. Qb3 Bd5 13. Bc4 Bxc4 14. Qxc4 d5 15. Qb3
c4 16. Qc2 a5 17. e4 Rc8 18. exd5 Nxd5 19. Bg3 N7f6 20. Ne4 Nxe4 21. Qxe4 Nf6
22. Qc2 Nd5 23. Re2 Bh6 24. Qe4 Nf6 25. Qc2 Bg7 26. Ne5 Nd7 27. Rd1 Nf6 28. Qd2
Nd5 29. Ree1 e6 30. Qe2 Qc7 31. Qf3 Qd8 32. Qxf7+ Kh8 33. Qf3 Qf6 34. Nf7+ Kg8
35. Nd6 Qxf3 36. gxf3 Rf8 37. Nxc8 Rxc8 38. Rxe6 Bf8 39. Rde1 Kf7 40. Bd6 Bg7
41. R6e4 Nf6 42. Re7+ Kg8 43. Rb7 Nd5 44. Be5 Bh6 45. Rd7 Nf4 46. Bxf4 Bxf4 47.
Re2 Bh6 48. Rb7 Rc6 49. Re8+ Bf8 50. Rbb8 Rf6 51. d5 Kg7 52. Rb7+ Kh6 53. Rd7
Bc5 54. Kg2 Rf5 55. Rh8 Kg5 56. Rhxh7 Kf4 57. Rh4+ Ke5 58. Re4+ Kf6 59. h4 g5
60. Re6# {Black checkmated} 1-0

[Event "Team 45 45 League T70"]
[Site "Internet Chess Club"]
[Date "2016.09.17"]
[Round "2"]
[White "Xbug"]
[Black "Visin"]
[Result "0-1"]
[WhiteElo "1038"]
[BlackElo "1270"]
[Opening "QGD semi-Slav: Botvinnik system (anti-Meran)"]
[ECO "D44"]
[Time "15:00:48"]
[TimeControl "2700+45"]

1. d4 d5 2. c4 dxc4 3. Nf3 c6 4. Nc3 Nf6 5. Bg5 e6 6. e4 Be7 7. Bxc4 Nbd7 8. e5
Nd5 9. Nxd5 cxd5 10. Bxe7 Qxe7 11. Bd3 b6 12. O-O O-O 13. Qc2 g6 14. Rac1 Bb7
15. Qd2 f6 16. exf6 Nxf6 17. Ne5 Ne4 18. Qe3 Rac8 19. f3 Nd6 20. Rfe1 Nf5 21.
Qf2 Qb4 22. Nd7 Rfd8 23. Bxf5 exf5 24. Ne5 a5 25. Red1 Qe7 26. Re1 Qg5 27. Qe3
Qxe3+ 28. Rxe3 Rxc1+ 29. Kf2 Rc2+ 30. Kg3 Kf8 31. h4 Rc7 32. b3 Rdc8 33. a4 Rc3
{White resigns} 0-1

[Event "Team 45 45 League T70"]
[Site "Internet Chess Club"]
[Date "2016.09.23"]
[Round "2"]
[White "az2112"]
[Black "Gilguli"]
[Result "0-1"]
[WhiteElo "1611"]
[BlackElo "1436"]
[Opening "Sicilian: Najdorf, Lipnitzky attack"]
[ECO "B90"]
[Time "08:32:58"]
[TimeControl "2700+45"]

1. e4 c5 2. Nf3 d6 3. d4 cxd4 4. Nxd4 Nf6 5. Nc3 a6 6. Bc4 e5 7. Nb3 b5 8. Bd3
Be7 9. f3 Bb7 10. Be3 d5 11. exd5 Nxd5 12. Nxd5 Bxd5 13. Nd2 O-O 14. Be4 Nc6 15.
O-O Rc8 16. Bxd5 Qxd5 17. Nb3 Qc4 18. c3 Rfd8 19. Nd2 Qd3 20. Bb6 Qxd2 {White
resigns} 0-1

[Event "Team 45 45 League T70"]
[Site "Internet Chess Club"]
[Date "2016.09.18"]
[Round "2"]
[White "bardu"]
[Black "ChessMaine"]
[Result "1-0"]
[WhiteElo "1435"]
[BlackElo "1496"]
[Opening "QGD: Lasker defense"]
[ECO "D56"]
[Time "19:16:11"]
[TimeControl "2700+45"]

1. d4 d5 2. c4 e6 3. Nc3 Nf6 4. Bg5 Be7 5. e3 O-O 6. Nf3 h6 7. Bh4 Ne4 8. Bxe7
Qxe7 9. Rc1 Nxc3 10. Rxc3 a6 11. Bd3 dxc4 12. Bxc4 b5 13. Bd3 Bb7 14. O-O Rc8
15. Ne5 c5 16. Qc2 c4 17. Be4 Bxe4 18. Qxe4 Ra7 19. b3 Nd7 20. Nc6 Rxc6 21. Qxc6
Nf6 22. bxc4 Rc7 23. Qxa6 Qb4 24. Rb3 Qd2 25. c5 Nd5 26. Rxb5 Nc3 27. Rb8+ Kh7
28. c6 Nxa2 29. Rc8 Nb4 30. Qa8 Rxc8 31. Qxc8 Qc3 32. Qd7 Nxc6 33. Qxf7 Qb3 34.
Rc1 Nb4 35. h3 Nd3 36. Rc7 Qd1+ 37. Kh2 Qg4 38. hxg4 {Black resigns} 1-0

[Event "Team 45 45 League T70"]
[Site "Internet Chess Club"]
[Date "2016.09.17"]
[Round "2"]
[White "rgadoury"]
[Black "Conjurer"]
[Result "0-1"]
[WhiteElo "1360"]
[BlackElo "1231"]
[Opening "Sicilian defense"]
[ECO "B30"]
[Time "13:02:30"]
[TimeControl "2700+45"]

1. e4 c5 2. Nf3 Nc6 3. Bc4 e6 4. d3 a6 5. a3 b5 6. Ba2 d5 7. exd5 exd5 8. O-O
Nf6 9. h3 Bd6 10. Re1+ Be6 11. Bg5 O-O 12. Nbd2 Be7 13. Ne5 Qc7 14. Nxc6 Qxc6
15. Nf3 Qd6 16. c3 h6 17. Bh4 Ra7 18. Bg3 Qb6 19. Qd2 c4 20. Nd4 Bc8 21. Re3 Nh5
22. Re5 Nxg3 23. fxg3 Bg5 24. Qe2 Qd6 25. Re8 Qxg3 26. Rxf8+ Kxf8 27. Kh1 Qxd3
28. Qxd3 cxd3 29. Bxd5 Re7 30. Nf3 Be3 31. Rd1 Bf5 32. Ba2 Rd7 33. Ne5 Rd6 34.
Nxf7 Rd7 35. Ne5 Rd6 36. Bb1 Be6 37. Rf1+ Ke7 38. Bxd3 Rd5 39. Ng6+ Kd6 40. Bb1
Rd2 41. Rd1 Rxd1+ {White resigns} 0-1

[Event "Team 45 45 League T70"]
[Site "Internet Chess Club"]
[Date "2016.09.14"]
[Round "2"]
[White "QuieroAprender"]
[Black "idjit"]
[Result "1-0"]
[WhiteElo "1641"]
[BlackElo "1585"]
[Opening "Nimzo-Indian: three knights variation"]
[ECO "E21"]
[Time "10:01:03"]
[TimeControl "2700+45"]

1. c4 Nf6 2. d4 e6 3. Nc3 Bb4 4. Nf3 O-O 5. a3 Bxc3+ 6. bxc3 b6 7. Bg5 Ba6 8. e3
Nc6 9. Bd3 Na5 10. Nd2 c5 11. Qf3 Rc8 12. Ne4 Bb7 13. d5 Nxc4 14. Bxf6 gxf6 15.
Nxf6+ Kg7 16. Nh5+ Kh8 17. Bxc4 Qh4 18. Qf6+ {Black resigns} 1-0

[Event "Team 45 45 League T70"]
[Site "Internet Chess Club"]
[Date "2016.09.16"]
[Round "2"]
[White "Gojira"]
[Black "drsigmund1"]
[Result "1-0"]
[WhiteElo "1627"]
[BlackElo "1453"]
[Opening "Queen's pawn"]
[ECO "A40"]
[Time "20:00:48"]
[TimeControl "2700+45"]

1. d4 e6 2. Nf3 Nf6 3. Bf4 d5 4. e3 c5 5. c3 Qb6 6. Qb3 Nc6 7. Nbd2 Be7 8. Be2
O-O 9. O-O Nh5 10. Qxb6 axb6 11. Bc7 Bd8 12. Bd6 Be7 13. Bxe7 Nxe7 14. Ne5 Nf6
15. Bb5 Rd8 16. b3 Nd7 17. Nd3 Nc6 18. a4 Nf6 19. dxc5 Ne4 20. Nxe4 dxe4 21. Nb2
bxc5 22. Rfd1 Bd7 23. Rd6 Be8 24. Rad1 Rxd6 25. Rxd6 Na5 26. Bxe8 Rxe8 27. b4
Nb3 28. Kf1 Kf8 29. Rd7 Rb8 30. Nc4 b5 31. axb5 Rxb5 32. Rxf7+ Kxf7 33. Nd6+ Ke7
34. Nxb5 cxb4 35. cxb4 Kd7 36. Nc3 h6 37. Nxe4 Kc6 38. Ke2 Kd5 39. f3 Kc4 40.
Nc5 Nxc5 41. bxc5 Kxc5 42. Kd3 Kd5 43. f4 e5 44. e4+ Ke6 45. f5+ Kf6 46. h4 g6
47. g4 g5 48. hxg5+ Kxg5 49. Kc4 h5 50. gxh5 Kxh5 51. Kd5 Kg5 52. Kxe5 {Black
resigns} 1-0

[Event "Team 45 45 League T70"]
[Site "Internet Chess Club"]
[Date "2016.09.18"]
[Round "2"]
[White "Andressa"]
[Black "guyd52"]
[Result "1/2-1/2"]
[WhiteElo "1434"]
[BlackElo "1316"]
[Opening "Pirc: classical (two knights) system"]
[ECO "B08"]
[Time "19:21:56"]
[TimeControl "2700+45"]

1. e4 d6 2. d4 Nf6 3. Nc3 g6 4. Nf3 Bg7 5. Bc4 e6 6. O-O O-O 7. h3 c6 8. Re1
Nbd7 9. e5 dxe5 10. dxe5 Nd5 11. Nxd5 cxd5 12. Bb3 Qc7 13. Bf4 b6 14. Rc1 Ba6
15. c3 Rad8 16. Qd2 Nc5 17. Bc2 Qc6 18. Nd4 Qc7 19. b4 Nd7 20. Qe3 Rc8 21. Ba4
Bc4 22. Bxd7 Qxd7 23. Ra1 Qa4 24. Qd2 Rc7 {Game drawn by mutual agreement}
1/2-1/2

[Event "Team 45 45 League T70"]
[Site "Internet Chess Club"]
[Date "2016.09.19"]
[Round "2"]
[White "Just-Jim"]
[Black "olivermx"]
[Result "0-1"]
[WhiteElo "1289"]
[BlackElo "1368"]
[Opening "Queen's pawn game"]
[ECO "D00"]
[Time "11:31:51"]
[TimeControl "2700+45"]

1. d4 d5 2. e3 c5 3. f4 cxd4 4. Qxd4 Nc6 5. Bb5 Nf6 6. Bxc6+ bxc6 7. Nf3 e6 8.
O-O Bd6 9. Qa4 Bd7 10. Nd4 c5 11. Nc6 Qc7 12. Nc3 Qxc6 13. Qxc6 Bxc6 14. f5 O-O
15. b3 Be5 16. Bb2 Bxc3 17. Bxc3 Ng4 18. f6 Nxf6 19. Bxf6 gxf6 20. Rxf6 d4 21.
exd4 cxd4 22. Rh6 Be4 23. Rd1 Bxc2 24. Rxd4 Rad8 25. Rc4 Bg6 26. Rhh4 Rd2 27. a4
Rfd8 28. Rhg4 Rb2 29. b4 Rd1# {White checkmated} 0-1

[Event "Team 45 45 League T70"]
[Site "Internet Chess Club"]
[Date "2016.09.18"]
[Round "2"]
[White "rkjulianjr"]
[Black "mongmong"]
[Result "1/2-1/2"]
[WhiteElo "1354"]
[BlackElo "1488"]
[Opening "Nimzo-Indian: Reshevsky variation"]
[ECO "E46"]
[Time "07:01:27"]
[TimeControl "2700+45"]

1. d4 e6 2. c4 Nf6 3. Nc3 Bb4 4. e3 O-O 5. Ne2 c6 6. a3 Ba5 7. b4 Bc7 8. f3 d5
9. Ng3 e5 10. Be2 exd4 11. exd4 dxc4 12. O-O Nd5 13. Nge4 Nxc3 14. Nxc3 Be6 15.
Ne4 Bb6 16. Nc5 Bxc5 17. dxc5 Qxd1 18. Rxd1 Nd7 19. Bf4 Nf6 20. Rd4 Rfd8 21. Bd6
Ne8 22. Rad1 Nxd6 23. Rxd6 Rxd6 24. Rxd6 Kf8 25. Kf2 Ke7 26. Ke3 Bd5 27. Kd4 Rd8
28. Rxd8 Kxd8 29. Bxc4 Bxc4 30. Kxc4 Ke7 31. Kd4 Ke6 32. Ke4 f5+ 33. Kd4 g5 34.
g3 h5 35. a4 a6 36. f4 gxf4 37. gxf4 h4 38. h3 Kf6 39. a5 Ke6 40. Kc4 Ke7 41.
Kd4 Ke6 42. Kc4 {Game drawn by mutual agreement} 1/2-1/2

[Event "Team 45 45 League T70"]
[Site "Internet Chess Club"]
[Date "2016.09.18"]
[Round "2"]
[White "guyd52"]
[Black "Toalla"]
[Result "0-1"]
[WhiteElo "1310"]
[BlackElo "1185"]
[Opening "Réti opening"]
[ECO "A04"]
[Time "09:15:14"]
[TimeControl "2700+45"]

1. Nf3 b6 2. g3 Bb7 3. Bg2 g6 4. d3 Nf6 5. O-O Bg7 6. e4 Nc6 7. Be3 O-O 8. Qd2
Ng4 9. c3 Nxe3 10. Qxe3 e6 11. Nbd2 d5 12. d4 dxe4 13. Nxe4 Ne7 14. Ned2 Nf5 15.
Qd3 a5 16. Rfe1 c5 17. Bh3 Qc7 18. Bxf5 exf5 19. Re2 Rfe8 20. Rae1 Rxe2 21. Rxe2
cxd4 22. Nxd4 Rd8 23. Qb5 Bxd4 24. Re8+ Kg7 25. Rxd8 Qxd8 26. cxd4 Qxd4 27. Qxb6
Qxb6 {White resigns} 0-1

[Event "Team 45 45 League T70"]
[Site "Internet Chess Club"]
[Date "2016.09.18"]
[Round "2"]
[White "stantheman59"]
[Black "WzeroMN"]
[Result "0-1"]
[WhiteElo "1190"]
[BlackElo "1151"]
[Opening "Mieses opening"]
[ECO "A00"]
[Time "16:05:25"]
[TimeControl "2700+45"]

1. d3 e5 2. g3 Nc6 3. Bg2 Nf6 4. Bg5 Be7 5. Bxf6 Bxf6 6. c3 Ne7 7. e4 d6 8. Ne2
Be6 9. c4 c5 10. a3 O-O 11. O-O a5 12. Nec3 Nc6 13. Nb5 Nd4 14. Nxd4 cxd4 15.
Nd2 Qb6 16. Qc2 Bd7 17. b3 Bc6 18. Bh3 Qc7 19. a4 Bd7 20. Bxd7 Qxd7 21. Kg2 Qg4
22. Qd1 Qxd1 23. Raxd1 b6 24. Nb1 Bg5 25. Na3 Be7 26. g4 f6 27. Nb5 Rfc8 28. Kg3
Bf8 29. h4 h6 30. Rh1 g6 31. g5 fxg5 32. hxg5 h5 33. f4 exf4+ 34. Kxf4 Be7 35.
e5 Rf8+ 36. Ke4 dxe5 37. Kxe5 Bxg5 38. Nd6 Be3 39. Kd5 Rad8 40. Rdf1 Rxf1 41.
Rxf1 Rf8 42. Rb1 Rd8 43. Kc6 Bf4 44. Nb5 Be3 45. Kxb6 g5 46. Nc7 g4 47. Rh1 Rb8+
48. Kxa5 Rxb3 49. Rxh5 Rxd3 50. Rh4 Rc3 51. Rxg4+ Kf7 52. Kb4 Rc1 53. a5 d3 54.
Rg5 Bxg5 55. a6 Ra1 {White resigns} 0-1

[Event "Team 45 45 League T70"]
[Site "Internet Chess Club"]
[Date "2016.09.17"]
[Round "2"]
[White "Electryon"]
[Black "yuanbao2007"]
[Result "0-1"]
[WhiteElo "1407"]
[BlackElo "1223"]
[Opening "English opening"]
[ECO "A20"]
[Time "17:06:41"]
[TimeControl "2700+45"]

1. c4 e5 2. g3 Nc6 3. Bg2 Nf6 4. Nc3 Bb4 5. Nd5 Bc5 6. d3 O-O 7. Bg5 Be7 8.
Nxe7+ Qxe7 9. Nf3 h6 10. Bd2 d6 11. O-O Bf5 12. b4 Qe6 13. b5 Ne7 14. Qb3 h5 15.
Ng5 Qd7 16. Bxb7 Rab8 17. Bg2 Ng6 18. a4 h4 19. Bc6 Qc8 20. e4 Bh3 21. Rfc1 hxg3
22. hxg3 Qg4 23. Nxh3 Qxh3 24. f3 Qxg3+ 25. Kf1 Qxf3+ 26. Ke1 Nh4 {White
resigns} 0-1

[Event "Team 45 45 League T70"]
[Site "Internet Chess Club"]
[Date "2016.09.15"]
[Round "2"]
[White "Uku"]
[Black "Aquaman"]
[Result "1-0"]
[WhiteElo "1198"]
[BlackElo "1353"]
[Opening "Sicilian defense"]
[ECO "B20"]
[Time "16:30:52"]
[TimeControl "2700+45"]

1. e4 c5 2. Bc4 Nc6 3. Nc3 Nf6 4. f4 e6 5. d3 d6 6. Nf3 Qc7 7. O-O Be7 8. Qe1
O-O 9. Qg3 a6 10. a4 Ne8 11. Qh3 Qd8 12. Ng5 Bxg5 13. fxg5 g6 14. b3 Nd4 15. Bb2
Nxc2 16. Rac1 Nd4 17. Rfe1 Qxg5 18. Rf1 e5 19. Qg3 Qxg3 20. hxg3 Be6 21. Bxe6
Nxe6 22. Nd5 Kg7 23. Rf3 Nd4 24. Bxd4 exd4 25. Nb6 Rd8 26. Nd5 b5 27. a5 b4 28.
Nb6 Nf6 29. Rcf1 Ng4 30. Nc4 Ne5 31. Nxe5 dxe5 32. Rf6 Ra8 33. Rc6 Rfc8 34. Rff6
h5 35. Kh2 Kh6 36. Kh3 Kg5 37. Rfd6 Rxc6 38. Rxc6 f6 39. Rxc5 Rb8 40. Rc6 Ra8
41. Rc5 Kh6 42. Rc6 Kg7 43. Kh4 Kf7 44. Rc7+ Kf8 45. Rc6 Ke7 46. g4 hxg4 47.
Kxg4 Ra7 48. Kh4 Ra8 49. Kg4 Ra7 50. Kh4 Ra8 51. g4 g5+ 52. Kh5 Kf7 53. Rc7+ Ke6
54. Kg6 Rg8+ 55. Kh7 Ra8 56. Rc6+ Ke7 57. Kg6 Rg8+ 58. Kf5 Rf8 59. Rxa6 Rf7 60.
Ra7+ Kf8 61. Rxf7+ Kxf7 62. a6 {Black resigns} 1-0

[Event "Team 45 45 League T70"]
[Site "Internet Chess Club"]
[Date "2016.09.18"]
[Round "2"]
[White "artspir"]
[Black "princevultan2"]
[Result "1-0"]
[WhiteElo "1155"]
[BlackElo "1241"]
[Opening "Queen's pawn game"]
[ECO "D02"]
[Time "11:30:27"]
[TimeControl "2700+45"]

1. d4 d5 2. Nf3 e6 3. Bf4 Nc6 4. c3 Nf6 5. Nbd2 h6 6. h3 Bd6 7. Ne5 O-O 8. e3
Bd7 9. Bd3 Qe8 10. O-O Nxe5 11. dxe5 Be7 12. exf6 Bxf6 13. Bxc7 Rc8 14. Bg3 Qe7
15. Qb3 Bh4 16. Bxh4 Qxh4 17. Qxb7 Rfd8 18. Qb3 Qg5 19. Nf3 Qf6 20. Rfe1 Be8 21.
Rad1 e5 22. e4 dxe4 23. Bxe4 Rxd1 24. Rxd1 Qf4 25. Bg6 Ba4 26. Qd5 Bxd1 27. Nxe5
Rf8 28. g3 Qg5 29. h4 Qd8 30. Bxf7+ Rxf7 31. Qxd8+ Rf8 32. Qxd1 a5 33. Qd5+ Kh7
34. Qxa5 Rf5 35. Qd5 h5 36. Qe4 g6 37. Nf3 Kh6 38. Qe3+ g5 39. Qe6+ Rf6 40.
Qxf6+ Kh7 41. Nxg5+ Kg8 42. Qf7+ Kh8 43. Qf8# {Black checkmated} 1-0

[Event "Team 45 45 League T70"]
[Site "Internet Chess Club"]
[Date "2016.09.18"]
[Round "2"]
[White "Coolio9000"]
[Black "RobertBuice"]
[Result "1-0"]
[WhiteElo "1309"]
[BlackElo "1083"]
[Opening "Petrov: Damiano variation"]
[ECO "C42"]
[Time "19:58:01"]
[TimeControl "2700+45"]

1. e4 e5 2. Nf3 Nf6 3. Nxe5 Nxe4 4. Qe2 d5 5. f3 Nc5 6. Nc6+ Ne6 7. Nxd8 Kxd8 8.
d3 Nc6 9. Nc3 Bb4 10. Qf2 Re8 11. Bd2 a5 12. O-O-O Bxc3 13. Bxc3 a4 14. g4 b5
15. Bh3 Nf4 16. Qh4+ f6 17. Bxf6+ gxf6 18. Qxf6+ {Black resigns} 1-0

[Event "Team 45 45 League T70"]
[Site "Internet Chess Club"]
[Date "2016.09.17"]
[Round "2"]
[White "room-matt"]
[Black "alexping"]
[Result "1-0"]
[WhiteElo "1881"]
[BlackElo "1966"]
[Opening "French: Winawer, advance, Bogolyubov variation"]
[ECO "C17"]
[Time "12:14:47"]
[TimeControl "2700+45"]

1. e4 e6 2. d4 d5 3. Nc3 Bb4 4. e5 c5 5. Bd2 a6 6. a3 Bxc3 7. Bxc3 b6 8. Qg4 Kf8
9. Nf3 Nc6 10. dxc5 bxc5 11. Be2 Qc7 12. Qf4 Nge7 13. Qg3 Rb8 14. Rb1 Ng6 15.
O-O Nce7 16. b4 Nf5 17. Qg5 h6 18. Qd2 c4 19. Rfe1 Bd7 20. Ba1 Ba4 21. g4 Nfe7
22. Nd4 Nc6 23. f4 Qb6 24. Kh1 Nge7 25. Rf1 Kg8 26. Rbd1 Nxd4 27. Bxd4 Qb7 28.
Bc5 Nc6 29. Bf3 Qd7 30. Qc3 Rb7 31. f5 Kh7 32. fxe6 fxe6 33. Be4+ dxe4 34. Rxd7
Rxd7 35. Qxc4 Nxe5 36. Qxe4+ Ng6 37. c3 Rc8 38. Qxe6 Bc6+ 39. Kg1 Rd2 40. Qxc8
{Black resigns} 1-0

[Event "Team 45 45 League T70"]
[Site "Internet Chess Club"]
[Date "2016.09.15"]
[Round "2"]
[White "bobhill"]
[Black "fishhead"]
[Result "0-1"]
[WhiteElo "1877"]
[BlackElo "1726"]
[Opening "King's Indian: Torre attack"]
[ECO "A48"]
[Time "22:00:16"]
[TimeControl "2700+45"]

1. d4 Nf6 2. Nf3 g6 3. Bg5 Bg7 4. Nbd2 d6 5. e4 h6 6. Bh4 g5 7. Bg3 Nh5 8. c3
Nc6 9. Bc4 Bg4 10. Bxf7+ Kxf7 11. Nxg5+ hxg5 12. Qxg4 Nxg3 13. fxg3 Bf6 14. O-O
Qg8 15. Nf3 Ke8 16. b4 Qc4 17. Nxg5 Qxc3 18. Ne6 Bxd4+ 19. Kh1 Ne5 20. Qf5 Bb6
21. Rac1 Qxg3 22. h3 Qg6 23. a4 Qxf5 24. exf5 c6 25. a5 Bd8 26. Rcd1 b6 27. a6
b5 28. f6 exf6 29. Rxd6 Ke7 30. Rfd1 Bb6 31. Ng7 Rad8 32. Nf5+ Kf7 33. Kh2 Rxd6
34. Nxd6+ Ke6 35. Nb7 Rh4 36. g4 Nxg4+ 37. Kg3 Ne3 38. Rd6+ Ke7 39. Rxc6 Rxb4
40. Rc8 Nf5+ 41. Kf3 Rh4 42. Kg2 Ra4 43. Rh8 Rxa6 44. h4 Ra4 45. h5 Rh4 46. Rh7+
Ke6 47. Kf3 b4 48. Nd8+ Bxd8 49. Rxa7 Rxh5 50. Rb7 Be7 51. Ke2 Rh3 52. Kd2 Nd4
53. Rb6+ Bd6 54. Ke1 Rh2 55. Kf1 Kd5 56. Kg1 Ra2 57. Kf1 b3 58. Ke1 b2 59. Kd1
Ra1+ 60. Kd2 b1=Q {White resigns} 0-1

[Event "Team 45 45 League T70"]
[Site "Internet Chess Club"]
[Date "2016.09.15"]
[Round "2"]
[White "Beetlejuice"]
[Black "zap2"]
[Result "1/2-1/2"]
[WhiteElo "1767"]
[BlackElo "1724"]
[Opening "King's Indian: Sämisch, orthodox variation"]
[ECO "E85"]
[Time "14:04:21"]
[TimeControl "2700+45"]

1. d4 Nf6 2. c4 g6 3. f3 Bg7 4. e4 d6 5. Nc3 O-O 6. Be3 e5 7. Nge2 Re8 8. Qd2
Nc6 9. d5 Ne7 10. O-O-O Nd7 11. g4 a5 12. Ng3 b6 13. h4 f6 14. Bh3 Nc5 15. g5
Bxh3 16. Rxh3 Qd7 17. Rdh1 f5 18. exf5 Nxf5 19. Nxf5 Qxf5 20. Bxc5 bxc5 21. Ne4
Qf4 22. Rg1 a4 23. Rg4 Qxd2+ 24. Kxd2 Rab8 25. Kc2 Rb4 26. Nc3 e4 27. Rxe4 Rxe4
28. fxe4 Rxc4 29. Re3 Be5 30. a3 Kf7 31. Kd3 Rd4+ 32. Kc2 Ke7 33. b3 axb3+ 34.
Kxb3 Rd2 35. Rh3 Bxc3 36. Kxc3 Re2 37. Kd3 Re1 38. h5 Rg1 39. hxg6 hxg6 40. Rh7+
Kd8 41. Kc4 Kc8 42. Kb5 Kb7 43. a4 Rb1+ 44. Ka5 c4 45. Rh2 Re1 46. Kb4 Rxe4 47.
Rh6 c3+ 48. Kxc3 Rxa4 49. Rxg6 Kb6 50. Rg7 Kc5 51. Rxc7+ Kxd5 52. g6 Rg4 53. g7
Ke5 54. Kd3 d5 55. Rd7 Rg3+ 56. Kd2 Kd4 57. Ra7 Rg2+ 58. Kd1 Ke3 59. Ra3+ Ke4
60. Rb3 Rxg7 61. Ra3 Rg2 62. Rb3 d4 63. Ra3 Rb2 64. Rh3 Ra2 65. Rg3 Kd5 66. Rh3
Kc4 67. Rg3 Rh2 68. Rf3 d3 69. Rf8 Rh1+ 70. Kd2 Rh2+ 71. Kd1 {Game drawn by
mutual agreement} 1/2-1/2

[Event "Team 45 45 League T70"]
[Site "Internet Chess Club"]
[Date "2016.09.19"]
[Round "2"]
[White "otherook"]
[Black "sharky123"]
[Result "0-1"]
[WhiteElo "1769"]
[BlackElo "1877"]
[Opening "English opening"]
[ECO "A20"]
[Time "17:30:22"]
[TimeControl "2700+45"]

1. c4 e5 2. g3 Nc6 3. Bg2 Nf6 4. Nc3 Bc5 5. e3 d6 6. Nge2 Be6 7. d4 exd4 8. exd4
O-O 9. dxc5 dxc5 10. Be3 Bxc4 11. O-O Qe7 12. Re1 Ne5 13. Qa4 c6 14. b3 Ba6 15.
Qa5 Nd3 16. Red1 Ng4 17. Rxd3 Bxd3 18. Qxc5 Rfe8 19. Qxe7 Rxe7 20. Nf4 Nxe3 21.
Nxd3 Nxg2 22. Kxg2 Rd8 23. Re1 Kf8 24. Rxe7 Kxe7 25. Ne1 Rd2 26. Kf3 b6 27. Ke3
Rb2 28. h4 g6 29. f4 f5 30. Nf3 b5 31. Nd4 Kd7 32. a4 b4 33. Nd1 Rb1 34. Kd2 c5
35. Kc2 Rxd1 36. Kxd1 cxd4 37. Kd2 Kd6 38. Kd3 Kd5 39. a5 a6 {White resigns} 0-1

[Event "Team 45 45 League T70"]
[Site "Internet Chess Club"]
[Date "2016.09.15"]
[Round "2"]
[White "az2112"]
[Black "losscause"]
[Result "1/2-1/2"]
[WhiteElo "1643"]
[BlackElo "1555"]
[Opening "Budapest defense"]
[ECO "A52"]
[Time "21:00:53"]
[TimeControl "2700+45"]

1. d4 Nf6 2. c4 e5 3. dxe5 Ng4 4. e6 dxe6 5. Qxd8+ Kxd8 6. Nf3 Nc6 7. Bd2 Bc5 8.
e3 Bd7 9. Be2 Ke7 10. O-O h5 11. Nc3 a6 12. Ne4 Bb4 13. Rfd1 Bxd2 14. Rxd2 b6
15. h3 Nge5 16. Rad1 Nxf3+ 17. Bxf3 Rad8 18. Ng5 Ne5 19. Be2 f6 20. Nf3 Nxf3+
21. Bxf3 g6 22. Be4 g5 23. g3 Bc8 24. Rxd8 Rxd8 25. Rxd8 Kxd8 26. h4 f5 27. Bg2
g4 28. Kf1 Bd7 29. Ke2 a5 30. a3 Ke7 31. Kd3 Kd6 32. b4 axb4 33. axb4 c5 34. b5
Ke5 35. e4 f4 {Game drawn by mutual agreement} 1/2-1/2

[Event "Team 45 45 League T70"]
[Site "Internet Chess Club"]
[Date "2016.09.15"]
[Round "2"]
[White "XNPchess"]
[Black "jonesey"]
[Result "1-0"]
[WhiteElo "1984"]
[BlackElo "1954"]
[Opening "Old Benoni defense"]
[ECO "A46"]
[Time "21:16:40"]
[TimeControl "2700+45"]

1. d4 Nf6 2. Nf3 c5 3. d5 b5 4. a4 Bb7 5. e4 Nxe4 6. axb5 g6 7. c4 Bg7 8. Bd3
Nf6 9. O-O O-O 10. Nc3 d6 11. Bg5 a6 12. Re1 Re8 13. Ra3 axb5 14. Rxa8 Bxa8 15.
Nxb5 Na6 16. Bc2 Nd7 17. Nxd6 Bxb2 18. Nxe8 f6 19. Nxf6+ exf6 20. Bf4 Nb4 21.
Ba4 Bb7 22. Qe2 {Black resigns} 1-0

[Event "Team 45 45 League T70"]
[Site "Internet Chess Club"]
[Date "2016.09.17"]
[Round "2"]
[White "fledermaus"]
[Black "anna"]
[Result "1/2-1/2"]
[WhiteElo "1897"]
[BlackElo "1821"]
[Opening "QGD: Orthodox defense, Bd3 line"]
[ECO "D66"]
[Time "14:21:51"]
[TimeControl "2700+45"]

1. Nf3 Nf6 2. c4 e6 3. Nc3 d5 4. d4 Be7 5. Bg5 O-O 6. e3 c6 7. Rc1 Nbd7 8. Bd3
Nb6 9. c5 Nbd7 10. b4 b6 11. b5 Bb7 12. cxb6 Qxb6 13. bxc6 Bxc6 14. O-O Rfc8 15.
Ne5 h6 16. Bh4 Bd6 17. f4 Ne4 18. Nxe4 Bxe5 19. fxe5 dxe4 20. Bb1 Nf8 21. Be7
Ng6 22. Bc5 Qd8 23. Qg4 Qh4 24. Rf4 Qd8 25. Rxe4 Bxe4 26. Bxe4 Rab8 27. Bxg6
fxg6 28. Qxe6+ Kh7 29. Rf1 Qg5 30. Qh3 a6 31. e6 Rxc5 32. dxc5 Qxc5 33. Re1 Re8
34. Qg4 Qe5 35. Qd4 Qxe6 36. a4 Rc8 37. Qd3 Rc4 38. e4 Rxa4 39. e5 Ra5 40. Qe4
Rb5 41. h4 h5 42. Qd4 a5 43. Re2 Rd5 44. Qa1 a4 45. Qxa4 Rxe5 46. Rxe5 Qxe5 47.
Qc4 {Game drawn by mutual agreement} 1/2-1/2